 Dungeon Crawl Stone Soup version 0.29.1-12-g30fa7ad0bf (webtiles) character file.

Game seed: 537581960299113440

1 ThatPearl the Conjurer (level 1, 0/14 HPs)
             Began as a Draconian Conjurer on Jan 8, 2023.
             Slain by a giant cockroach (2 damage)
             ... on level 1 of the Dungeon.
             The game lasted 00:00:20 (34 turns).

ThatPearl the Conjurer (Draconian Conjurer)           Turns: 34, Time: 00:00:20

Health: 0/14       AC:  4    Str:  9    XL:     1   Next: 16%
Magic:  1/3        EV: 12    Int: 18    God:
Gold:   28         SH:  0    Dex:  9    Spells: 3/4 levels left

rFire   . . .      SeeInvis .   (no weapon)
rCold   . . .      Faith    .   (no shield)
rNeg    . . .      Spirit   .   (body armour unavailable)
rPois   .          Reflect  .   (helmet restricted)
rElec   .          Harm     .   (no cloak)
rCorr   .          Rampage  .   (no gloves)
Will    .....                   (no boots)
Stlth   ++........              (no amulet)
HPRegen 0.04/turn               (no ring)
MPRegen 0.08/turn               (no ring)

@: slowed, very slow
A: AC +4, unfitting armour, cold-blooded
a: no special abilities


You were on level 1 of the Dungeon.
You visited 1 branch of the dungeon, and saw 1 of its levels.

You collected 28 gold pieces.

Inventory:

Potions
 a - a potion of magic


   Skills:
 + Level 0.1 Fighting
 - Level 1.7 Dodging
 - Level 1.7 Stealth
 + Level 2.0 Spellcasting
 + Level 4.0 Conjurations


You had 3 spell levels left.
You knew the following spells:

 Your Spells              Type           Power      Damage    Failure   Level
a - Magic Dart            Conj           64%        1d6       3%          1

Your spell library contained the following spells:

 Spells                   Type           Power      Damage    Failure   Level
 Searing Ray              Conj           32%        2d5       5%          2
 Dazzling Flash           Conj/Hex       18%        N/A       24%         3
 Fulminant Prism          Conj/Hex       4%         3d6       61%         4
 Iskenderun's Mystic Bla  Conj/Tloc      9%         2d4       61%         4


Dungeon Overview and Level Annotations

Branches:
Dungeon (1/15)

Altars:


Innate Abilities, Weirdness & Mutations

Your plain brown scales are hard. (AC +4)
You cannot fit into any form of body armour.
You are cold-blooded and may be slowed by cold attacks.


Message History

The magic dart hits the goblin.
The goblin is heavily wounded.
You don't have enough magic to cast this spell.
Unknown command.
The goblin closely misses you.
An endoplasm comes into view.
You closely miss the goblin.
The goblin is heavily wounded.
The giant cockroach closely misses you. The goblin hits you but does no damage.
You barely miss the goblin.
The goblin is heavily wounded.
The giant cockroach bites you but does no damage.
The goblin closely misses you. The giant cockroach misses you.
The endoplasm quivers.
You hit the goblin but do no damage.
The goblin is heavily wounded.
The endoplasm freezes you.
You are frozen.
You feel yourself slow down. The goblin closely misses you.
The giant cockroach barely misses you.
You barely miss the goblin.
Your tail-slap misses the goblin.
The goblin is heavily wounded.
The giant cockroach barely misses you. The endoplasm freezes you.
You are frozen.
The goblin closely misses you.
The giant cockroach bites you but does no damage.
You don't have enough magic to cast this spell.
Unknown command.
You feel yourself speed up. The goblin misses you. The endoplasm hits you.
The endoplasm freezes you.
You are frozen.
* * * LOW HITPOINT WARNING * * *
You feel yourself slow down. The giant cockroach bites you.
* * * LOW HITPOINT WARNING * * *
The endoplasm attacks as you move away! The endoplasm misses you.
The giant cockroach attacks as you move away!
The giant cockroach bites you but does no damage.
The giant cockroach attacks as you move away!
The giant cockroach bites you.
You die...

#####################
~~~.................#
......~.............#
...~.~~~......#.....#
..~~.~.≈~....##.....#
.~≈.~~~..~..........##
~≈~~~~~~~............#
≈~<~≈~~..~.....#@....#
..~~~~..≈~.....#Bg...##
.....~~~~...#...JJ....#
............#....##....#
≈~....[................#
##########.............#
#...##†.......#
#...##........#
#.#...........


You could see 2 endoplasms, a giant cockroach and a goblin.

Vanquished Creatures
  A ball python (D:1)
1 creature vanquished.

Notes
Turn   | Place    | Note
-------+----------+-------------------------------------------
     0 | D:1      | ThatPearl the Draconian Conjurer began the quest for the
                  | Orb.
     0 | D:1      | Reached XP level 1. HP: 14/14 MP: 3/3
    34 | D:1      | Slain by a giant cockroach

Illustrated notes

Levels and vault maps discovered:
D:1:      dpeg_arrival_more_subterranean_lakeside_camping, layout_rooms

Action                   || total
-------------------------++-------
Melee: Unarmed           ||     4
 Cast: Magic Dart        ||     3
Armor: Skin              ||     4
Dodge: Dodged            ||    10
